 Dungeon Crawl Stone Soup version 0.31-a0-424-g41b3b0883d (webtiles) character file.

Game seed: 5539416575386667726

690 Morbidden the Ruffian (level 7, -6/57 HPs)
             Began as a White Draconian Shapeshifter on July 29, 2023.
             Was a High Priest of Cheibriados.
             Mangled by a slime creature (13 damage)
             ... on level 5 of the Dungeon.
             The game lasted 00:06:05 (4080 turns).

Morbidden the Ruffian (DrSh)                        Turns: 4080, Time: 00:06:06

Health: -6/57      AC:  2    Str: 31    XL:     7   Next: 36%
Magic:  8/8        EV: 14    Int: 19    God:    Cheibriados [*****.]
Gold:   301        SH:  0    Dex: 22    Spells: 6/6 levels left

rFire   . .          .
                       - Unarmed
rCold   + . .        (no shield)
rNeg    . . .        (body armour unavailable)
rPois   .            (helmet currently unavailable)
rElec   .            (cloak currently unavailable)
rCorr   .            (gloves currently unavailable)
SInv    .            (boots currently unavailable)
Will    .....        (no amulet)
Stlth   ++           (no ring)
HPRegen 0.29/turn    (no ring)
MPRegen 0.11/turn

%: no passive effects
@: about to teleport, beast-form, corroded, very slow
A: beast (slay +3), breathe frost, AC +6, unfitting armour, cold resistance 1,
cold-blooded
a: Breathe Frost, Begin Untransformation, Renounce Religion, Bend Time, Temporal
Distortion, Slouch, Step From Time


You were on level 5 of the Dungeon.
You worshipped Cheibriados.
Cheibriados was extremely pleased with you.
You were a hulking beast.
You visited 1 branch of the dungeon, and saw 5 of its levels.
You also visited: Sewer.

You collected 301 gold pieces.

Inventory:

Hand Weapons
 a - a +2 dagger of venom
Missiles
 c - 16 javelins (quivered)
 m - 33 stones
 p - 2 curare-tipped darts
Talismans
 b - a beast talisman (active)
 k - a blade talisman
Wands
 d - a wand of paralysis (24)
 h - a wand of polymorph (8)
Scrolls
 e - a scroll of identify
 g - a scroll of blinking
 i - 3 scrolls of teleportation
 n - a scroll of immolation {unknown}
 o - a scroll of amnesia {unknown}
Potions
 f - 3 potions of curing
 j - a potion of berserk rage
 l - 4 potions of enlightenment


   Skills:
 * Level 3.0 Fighting
 + Level 0.9 Throwing
 * Level 3.5 Dodging
 + Level 1.4 Stealth
 * Level 5.1 Unarmed Combat
 * Level 2.5 Invocations
 + Level 0.1 Evocations
 * Level 4.4 Shapeshifting


You had 6 spell levels left.
You didn't know any spells.
Your spell library contained the following spells:

 Spells                   Type           Power      Damage    Failure   Level
 Apportation              Tloc           0%         N/A       21%         1
 Necrotise                Necr           0%         1d4       21%         1
 Summon Small Mammal      Summ           0%         N/A       21%         1
 Call Canine Familiar     Summ           0%         N/A       52%         3
 Summon Guardian Golem    Hex/Summ       0%         N/A       52%         3
 Alistair's Intoxication  Tmut/Pois      0%         N/A       99%         5


Dungeon Overview and Level Annotations

Branches:
Dungeon (5/15)              Sewer (visited)
 Temple: D:4-7

Altars:
Cheibriados
Makhleb
Nemelex Xobeh
Trog
Wu Jian
Zin
The Shining One

Shops:
D:3 [


Innate Abilities, Weirdness & Mutations

You are a hulking beast.
Your limbs bulge with bestial killing power. (Slay +3)
You can breathe waves of freezing cold which knock back foes.
Your icy white scales are hard. (AC +6)
You cannot fit into any form of body armour.
Your flesh is cold resistant. (rC+)
You are cold-blooded and may be slowed by cold attacks.


Message History

The jelly hits the fungus.
The fungus is splashed with acid.
The slime creature hits you but does no damage.
Unknown command.
You punch the slime creature!
The slime creature is moderately wounded.
The jelly quivers.
The slime creature barely misses you.
The slime creature hits the toadstool.
The toadstool is destroyed!
There are monsters nearby!
Unknown command.
You punch the slime creature!
The slime creature is heavily wounded.
The slime creature hits you!
The endoplasm hits the fungus.
The fungus begins to die.
The jelly hits you. The acid corrodes you!
You are splashed with acid!
The slime creature hits the fungus.
The fungus begins to die.
Unknown command.
There are monsters nearby!
You completely miss the slime creature. You tail-slap the slime creature.
The slime creature is severely wounded.
The endoplasm quivers.
A nearby fungus withers and dies.
The slime creature hits you!
The endoplasm hits the fungus.
The jelly completely misses you.
The slime creature hits the fungus!
Unknown command.
Unknown command.
The jelly hits the fungus.
The fungus begins to die.
The fungus is splashed with acid.
The acid corrodes the fungus!
Unknown command.
The slime creature attacks as you move away!
The slime creature barely misses you. The slime creature hits you.
As you read the scroll of teleportation, it crumbles to dust.
You feel strangely unstable. The slime creature hits you!!
* * * LOW HITPOINT WARNING * * *
Unknown command.
Unknown command.
You hit the slime creature. You tail-slap the slime creature.
The slime creature is severely wounded.
The slime creature hits you!
You die...

## #.#####.....## #....###.## .#
#.#.##.......####.#.#.##.## .#
#.#.##.......##.....|....#
.######...##.......####.#...##.#
.......[..##.......# ..........#
#######..######....#####........
######..'....# ##...#####
#.######## #..## ##..).hJ## #.##
#######'# #.


.PJPJJ.P.# .P..JPJP.# JP.......# .P.J.÷.P.# ..J÷JPJP÷# !÷.P÷P...# ########## You
could see a slime creature.

Vanquished Creatures
  3 kobold brigands (D:5)
  2 jellies
  Jessica (D:3)
  2 orc wizards
  A sickly merfolk siren (Sewer)
  A malarious merfolk avatar (Sewer)
  Robin (D:2)
  4 gnolls (D:4)
  10 adders
  A river rat (Sewer)
  A white imp (D:5)
  2 ufetubi
  An adder zombie (D:3)
  2 adder skeletons (D:3)
  3 worms
  3 dart slugs
  8 orcs
  6 endoplasms
  4 giant cockroaches (Sewer)
  11 goblins
  7 hobgoblins
  10 kobolds
  3 quokkas
  11 ball pythons
  A ball python skeleton (D:3)
  2 bats
  4 frilled lizards
  28 rats
133 creatures vanquished.

Notes
Turn   | Place    | Note
-------+----------+-------------------------------------------
     0 | D:1      | Morbidden the Draconian Shapeshifter began the quest for
                  | the Orb.
     0 | D:1      | Reached XP level 1. HP: 16/16 MP: 1/1
    82 | D:1      | Found a faded altar of an unknown god.
   122 | D:1      | Prayed at the altar of an unknown god.
   122 | D:1      | Became a worshipper of Cheibriados the Contemplative
   122 | D:1      | Reached * piety under Cheibriados
   354 | D:1      | Reached XP level 2. HP: 4/23 MP: 2/2
   356 | D:1      | HP: 1/34 [frozen (3)]
   750 | D:2      | Noticed Robin
   757 | D:2      | Reached ** piety under Cheibriados
   762 | D:2      | Killed Robin
   763 | D:2      | Reached XP level 3. HP: 22/28 MP: 3/3
  1329 | D:2      | Reached XP level 4. HP: 32/35 MP: 4/4
  1597 | D:3      | Reached skill level 1 in Invocations
  1609 | D:3      | Reached *** piety under Cheibriados
  1610 | D:3      | Noticed Jessica
  1618 | D:3      | Killed Jessica
  1696 | D:3      | Found a glowing drain.
  1723 | Sewer    | Entered a sewer
  1802 | Sewer    | Reached XP level 5. HP: 40/40 MP: 6/6
  1823 | Sewer    | Reached **** piety under Cheibriados
  1876 | Sewer    | Reached skill level 4 in Unarmed Combat
  1977 | Sewer    | Reached skill level 1 in Stealth
  2243 | D:3      | Identified the +1 spear "Qacaneel" {freeze, Int+6}
  2270 | D:3      | Reached XP level 6. HP: 22/48 MP: 7/7
  2497 | D:3      | Found Vuleogami's Armour Boutique.
  2637 | D:4      | Found a sparkling altar of Nemelex Xobeh.
  2864 | D:4      | Found a burning altar of Makhleb.
  2945 | D:4      | Found a glowing silver altar of Zin.
  2946 | D:4      | Found a bloodstained altar of Trog.
  3255 | D:4      | Found an ornate altar of the Wu Jian Council.
  3510 | D:4      | Found a glowing golden altar of the Shining One.
  3608 | D:5      | Entered Level 5 of the Dungeon
  3940 | D:5      | Your scales start taking on an icy white colour.
  3940 | D:5      | Reached XP level 7. HP: 36/56 MP: 8/8
  3940 | D:5      | Gained mutation: Your flesh is cold resistant. (rC+) [White
                  | Draconian growth]
  3945 | D:5      | Reached skill level 5 in Unarmed Combat
  3949 | D:5      | Reached ***** piety under Cheibriados
  4072 | D:5      | Noticed a slime creature
  4072 | D:5      | Noticed a slime creature
  4072 | D:5      | Noticed a slime creature
  4080 | D:5      | Mangled by a slime creature

Illustrated notes

Levels and vault maps discovered:
D:1:      psy_arrival_whirlpool, layout_rooms, chequers_ecumenical_altar_island
D:2:      wander_river, layout_basic, uniq_robin
D:3:      layout_basic, serial_undead, serial_undead_a, serial_undead_f,
          serial_undead_c, serial_undead_c, serial_shops, nicolae_diamond_shop,
          cheibrodos_sewer_entry_bend, chequers_serial_rivers_micro_b,
          uniq_jessica
D:4:      layout_basic, nicolae_wu_jian_immortal_techniques,
          mainiacjoe_overflow_brackets, mainiacjoe_overflow_chevrons,
          lemuel_coloured_pillars_altar, grunt_temple_overflow_open
D:5:      cheibrodos_fertilizer, layout_loops_ring,
          grunt_dithmenos_smoke_and_mirrors, kb_xom_exploding_sheep, uniq_ijyb

Skill      XL: |  1  2  3  4  5  6  7 |
---------------+----------------------+-----
Dodging        | 2 3 |  3.5
Invocations    | 1 2 |  2.5
Shapeshifting  | 4 |  4.4
Unarmed Combat | 4 5 |  5.1
Stealth        | 1 |  1.4
Fighting       | 2 3 |  3.0
Throwing       | |  0.9
Evocations     | |  0.1

Action                     |  1- 3 |  4- 6 |  7- 9 || total
---------------------------+-------+-------+-------++-------
  Melee: Unarmed           |    62 |   203 |    19 ||   284
         Tailslap          |     6 |    16 |     3 ||    25
         Punch             |     2 |       |     1 ||     3
         Dagger            |     8 |       |       ||     8
  Throw: Javelin           |     3 |    13 |       ||    16
         Stone             |       |     8 |       ||     8
Ability: Breathe Frost     |       |       |     1 ||     1
  Evoke: Wand              |       |     3 |       ||     3
    Use: Potion            |     3 |     2 |       ||     5
         Scroll            |       |     4 |     1 ||     5
   Stab: Sleeping          |     2 |     6 |       ||     8
 Armour: Skin              |    29 |    83 |     2 ||   114
  Dodge: Dodged            |    50 |   186 |    11 ||   247

Table legend: (Time is in decaauts)
 A = Elapsed time spent in this place.
 B = Non-inter-level travel time spent in this place.
 C = Inter-level travel time spent in this place.
 D = Time resting spent in this place.
 E = Time spent auto-exploring this place.
 F = Levels seen in this place.
 G = Mean time per level.
                   A        B        C        D        E       F      G
               +--------+--------+--------+--------+--------+-----+--------+
         Total |   5848 |   5723 |    125 |    415 |   4179 |   6 |  974.7 |
       Dungeon |   5222 |   5097 |    125 |    338 |   3914 |   5 | 1044.4 |
         Sewer |    625 |    625 |      0 |     77 |    265 |   1 |  625.0 |
               +--------+--------+--------+--------+--------+-----+--------+

Top non-repeatable levels by time:
     D:4: 1575 daAuts
     D:2: 1262 daAuts
     D:3: 905 daAuts
     D:1: 824 daAuts
     D:5: 654 daAuts
   Sewer: 625 daAuts
